[Event "Titled Tuesday Blitz October 31 Late 2023"]
[White "Ardelean, George-Catalin"]
[Black "hristos03"]
[WhiteFideId "1207091"]
[WhiteElo "2716"]
[BlackElo "2434"]
[Result "1-0"]
[Round "9"]
[TimeControl "180+1"]
[Date "2023.10.31"]
[WhiteClock "0:00:14"]
[BlackClock "0:00:00"]
[Board "71"]

1. d4 Nf6 2. Bf4 e6 3. e3 c5 4. Nc3 d5 5. Nb5 Na6 6. c3 Be7 7. a4 O-O 8. g4 Nxg4 9. Qxg4 e5 10. Qg3 exf4 11. Qxf4 cxd4 12. exd4 Bg5 13. Qg3 Bh4 14. Qg2 Re8+ 15. Be2 Bf5 16. Kf1 Qd7 17. h3 Re6 18. Nf3 Rae8 19. Ne5 Qd8 20. Rg1 g6 21. Qf3 Qf6 22. Rg2 Be4 23. Qe3 Bxg2+ 24. Kxg2 Qg5+ 25. Qxg5 Bxg5 26. Bg4 f5 27. Bf3 Rd8 28. Nxa7 Bf6 29. Nd3 Kg7 30. Nb5 Ree8 31. Nf4 g5 32. Nh5+ Kg6 33. Ng3 Kg7 34. Nxf5+ Kg6 35. Ne3 h5 36. Rg1 1-0


[Site "https://www.chess.com"]

[Event "Titled Tuesday Blitz October 31 Late 2023"]
[White "Spichkin, Alexander"]
[Black "Olsen, Filip Boe"]
[WhiteFideId "4144074"]
[BlackFideId "1440640"]
[WhiteElo "2425"]
[BlackElo "2632"]
[Result "1/2-1/2"]
[Round "9"]
[TimeControl "180+1"]
[Date "2023.10.31"]
[WhiteClock "0:00:20"]
[BlackClock "0:01:00"]
[Board "72"]

1. f4 d5 2. Nf3 Nf6 3. e3 Bf5 4. Be2 e6 5. O-O c5 6. b3 Nc6 7. Bb2 Be7 8. Bb5 O-O 9. Bxc6 bxc6 10. Ne5 Qb6 11. Nc3 c4 12. Na4 Qb7 13. Qc1 cxb3 14. cxb3 Rac8 15. Nc5 Bxc5 16. Qxc5 Ne4 17. Qc1 c5 18. d3 Nf6 19. h3 Nd7 20. Nxd7 Qxd7 21. Qd2 Qb5 22. Rad1 c4 23. bxc4 dxc4 24. e4 Bg6 25. Rb1 Qc5+ 26. d4 c3 27. dxc5 cxd2 28. f5 exf5 29. exf5 Bh5 30. g4 Rfd8 31. Ba3 Rd3 32. Bb4 a5 33. Bxa5 f6 34. gxh5 Rxc5 35. Bb4 Rc4 36. a3 Rh4 37. Kg2 Rhxh3 38. Rbd1 Rhg3+ 39. Kf2 Rgf3+ 40. Kg1 Rg3+ 41. Kh2 Rh3+ 42. Kg2 Rhg3+ 43. Kh2 Rh3+ 44. Kg2 1/2-1/2


[Site "https://www.chess.com"]

[Event "Titled Tuesday Blitz October 31 Late 2023"]
[White "Martinez Reyes, Pedro Ramon"]
[Black "Kawuma, Patrick"]
[WhiteFideId "3901807"]
[BlackFideId "10000127"]
[WhiteElo "2613"]
[BlackElo "2415"]
[Result "1-0"]
[Round "9"]
[TimeControl "180+1"]
[Date "2023.10.31"]
[WhiteClock "0:02:08"]
[BlackClock "0:00:00"]
[Board "73"]

1. d4 Nf6 2. c4 c5 3. d5 b5 4. cxb5 a6 5. b6 d6 6. Nc3 Nbd7 7. e4 Rb8 8. a4 Rxb6 9. Nf3 g6 10. Nd2 Bg7 11. Bd3 O-O 12. O-O Ne5 13. Be2 Rb4 14. Qc2 Bg4 15. f3 Bd7 16. b3 Qb6 17. Kh1 Nh5 18. Nc4 Nxc4 19. Bxc4 Qd8 20. Ba3 Rb6 21. Rae1 e6 22. Qd3 Qh4 23. f4 Nxf4 24. Qe3 Nh5 25. dxe6 fxe6 26. Rxf8+ Bxf8 27. Rf1 Bg7 28. Qf3 Be8 29. Bxe6+ Kh8 30. Nd5 Rb7 31. Bb2 h6 32. Qf8+ 1-0


[Site "https://www.chess.com"]

[Event "Titled Tuesday Blitz October 31 Late 2023"]
[White "balachess2006"]
[Black "Pinto, Daniel"]
[BlackFideId "3303144"]
[WhiteElo "2568"]
[BlackElo "2415"]
[Result "1-0"]
[Round "9"]
[TimeControl "180+1"]
[Date "2023.10.31"]
[WhiteClock "0:01:56"]
[BlackClock "0:00:00"]
[Board "74"]

1. Nf3 Nf6 2. c4 g6 3. d4 Bg7 4. g3 O-O 5. Bg2 c5 6. Nc3 d6 7. O-O Nc6 8. dxc5 dxc5 9. Bf4 Nh5 10. Be3 Nd4 11. Rc1 e5 12. Nd5 Be6 13. Ng5 Rc8 14. Nxe6 fxe6 15. Nc3 b6 16. b3 h6 17. Qd2 Nf5 18. Ne4 Qe7 19. Qc3 Nd4 20. Rce1 g5 21. Bc1 Rcd8 22. e3 Nf3+ 23. Bxf3 Rxf3 24. Rd1 Rdf8 25. Qd3 Nf6 26. Nxf6+ Qxf6 27. Qe2 e4 28. Rd2 Qf5 29. Bb2 Bxb2 30. Rxb2 Qh3 31. Rd1 g4 32. Qf1 Qxf1+ 33. Rxf1 Rd8 34. Re1 Rf5 35. Kf1 Kf7 36. Ke2 Ke7 37. Rf1 Rff8 38. Rd2 Rxd2+ 39. Kxd2 Rd8+ 40. Ke2 a6 41. Rh1 h5 42. h3 gxh3 43. Rxh3 Rh8 44. Rh4 Kf6 45. Rxe4 Kf5 46. Rh4 e5 47. e4+ Kg5 48. Rh1 Rd8 49. f3 Rh8 50. Ke3 b5 51. f4+ exf4+ 52. gxf4+ Kg4 53. Rg1+ Kh3 54. e5 h4 55. e6 Kh2 56. Rg6 h3 57. f5 Kh1 58. f6 h2 59. f7 Rh3+ 60. Kf2 bxc4 61. bxc4 Ra3 62. Rh6 Rxa2+ 63. Ke3 Ra3+ 64. Ke4 Kg1 65. Rxh2 1-0


[Site "https://www.chess.com"]

[Event "Titled Tuesday Blitz October 31 Late 2023"]
[White "Colivet Gamboa, Julio Cesar"]
[Black "Colbow, Collin"]
[WhiteFideId "3949583"]
[BlackFideId "16201132"]
[WhiteElo "2381"]
[BlackElo "2565"]
[Result "0-1"]
[Round "9"]
[TimeControl "180+1"]
[Date "2023.10.31"]
[WhiteClock "0:02:21"]
[BlackClock "0:02:30"]
[Board "75"]

1. e4 d6 2. Nf3 g6 3. d4 Bg7 4. Nc3 a6 5. Bc4 b5 6. Bb3 Bb7 7. Be3 b4 8. Nd5 e6 9. Nxb4 a5 10. Nd3 a4 11. Bc4 d5 12. exd5 exd5 0-1


[Site "https://www.chess.com"]

[Event "Titled Tuesday Blitz October 31 Late 2023"]
[White "Hajiyev, Kanan"]
[Black "Lalanne, Pablo"]
[WhiteFideId "13404148"]
[BlackFideId "112151"]
[WhiteElo "2555"]
[BlackElo "2343"]
[Result "1-0"]
[Round "9"]
[TimeControl "180+1"]
[Date "2023.10.31"]
[WhiteClock "0:00:06"]
[BlackClock "0:00:00"]
[Board "76"]

1. d4 Nf6 2. c4 e6 3. Nc3 Bb4 4. Qb3 c5 5. a3 Bxc3+ 6. Qxc3 cxd4 7. Qxd4 Nc6 8. Qh4 O-O 9. Nf3 d5 10. e3 e5 11. cxd5 Qxd5 12. Bc4 Qa5+ 13. Bd2 Qb6 14. b4 Bg4 15. O-O Rfd8 16. Bc3 Rac8 17. Rac1 Bxf3 18. gxf3 Nd4 19. Bxd4 exd4 20. e4 Qd6 21. Rfd1 Qe5 22. Qg3 Qe7 23. Qg5 h6 24. Qf4 Nh5 25. Qg4 Nf6 26. Qh4 Qe5 27. Bd3 Rc3 28. f4 Qh5 29. Qg3 Qg4 30. e5 Qxg3+ 31. hxg3 Nd5 32. Be4 Rxc1 33. Rxc1 Nc3 34. Re1 b6 35. Bd3 a5 36. bxa5 bxa5 37. f5 Kf8 38. e6 fxe6 39. fxe6 Ke7 40. f4 Rb8 41. Re5 Rb3 42. Rxa5 Nd1 43. Ra7+ Kd6 44. e7 Rb8 45. Bg6 1-0


[Site "https://www.chess.com"]

[Event "Titled Tuesday Blitz October 31 Late 2023"]
[White "Estrada Nieto, Julian"]
[Black "Buscar, Michael"]
[WhiteFideId "5101018"]
[BlackFideId "2603616"]
[WhiteElo "2494"]
[BlackElo "2342"]
[Result "1-0"]
[Round "9"]
[TimeControl "180+1"]
[Date "2023.10.31"]
[WhiteClock "0:00:01"]
[BlackClock "0:00:09"]
[Board "77"]

1. e4 c5 2. Nf3 Nc6 3. Bb5 Nf6 4. Nc3 g6 5. O-O Bg7 6. Bxc6 dxc6 7. d3 O-O 8. h3 Ne8 9. Be3 b6 10. Qd2 Nc7 11. Bh6 Ne6 12. Bxg7 Kxg7 13. Ne2 Nd4 14. Nexd4 cxd4 15. c3 c5 16. cxd4 cxd4 17. Qb4 Ba6 18. Nxd4 e5 19. Nf3 Qxd3 20. Rfd1 Qb5 21. Qxb5 Bxb5 22. Nxe5 Rfe8 23. Rd5 Ba6 24. f3 Bb7 25. Rd7 Bxe4 26. Nxf7 Bf5 27. Rc7 Rec8 28. Rac1 Rxc7 29. Rxc7 Kf6 30. Nd6 Be6 31. b3 h6 32. Nb5 a5 33. Nd4 Bd5 34. Rd7 Ke5 35. Nb5 Rc8 36. Rc7 Rd8 37. Nc3 Be6 38. Rc6 Rd3 39. Ne4 b5 40. Rxe6+ Kf4 41. Kh2 a4 42. bxa4 bxa4 43. Rxg6 h5 44. Rh6 Ra3 45. Rxh5 Rxa2 46. Ra5 a3 47. h4 Ra1 48. h5 a2 49. h6 Rb1 50. Rxa2 Rb6 51. Ra7 Rxh6+ 52. Kg1 Ke3 53. Ra3+ Kf4 54. Kf2 Ra6 55. Rxa6 Ke5 56. Rf6 1-0


[Site "https://www.chess.com"]

[Event "Titled Tuesday Blitz October 31 Late 2023"]
[White "Fernandez, Maria Florencia"]
[Black "Bilan, Danila"]
[WhiteFideId "116459"]
[BlackFideId "24161918"]
[WhiteElo "2336"]
[BlackElo "2462"]
[Result "0-1"]
[Round "9"]
[TimeControl "180+1"]
[Date "2023.10.31"]
[WhiteClock "0:00:02"]
[BlackClock "0:00:25"]
[Board "78"]

1. d4 d5 2. c4 c6 3. Nc3 Nf6 4. Nf3 e6 5. e3 Nbd7 6. Qc2 Bd6 7. b3 O-O 8. Bb2 Qe7 9. Be2 dxc4 10. bxc4 e5 11. O-O e4 12. Nd2 Re8 13. Rae1 c5 14. d5 Nf8 15. f3 exf3 16. Bxf3 Ng6 17. Nde4 Nxe4 18. Qxe4 Bxh2+ 19. Kh1 Qd8 20. Qc2 Bg3 21. Rf2 Qh4+ 22. Kg1 Nf4 23. Rd1 Qh2+ 24. Kf1 Qh1# 0-1


[Site "https://www.chess.com"]

[Event "Titled Tuesday Blitz October 31 Late 2023"]
[White "Harriott, Tyrell"]
[Black "Rakitic2010"]
[WhiteFideId "2086484"]
[WhiteElo "2327"]
[BlackElo "2458"]
[Result "0-1"]
[Round "9"]
[TimeControl "180+1"]
[Date "2023.10.31"]
[WhiteClock "0:00:00"]
[BlackClock "0:00:44"]
[Board "79"]

1. d4 Nf6 2. e3 e6 3. Bd3 d5 4. f4 c5 5. c3 Nc6 6. Nf3 Bd6 7. Ne5 O-O 8. Nd2 Ne7 9. Qf3 b5 10. Bxb5 Bb7 11. Bd3 Nf5 12. g4 Nh4 13. Qh3 Ne4 14. Nxe4 dxe4 15. Be2 cxd4 16. exd4 Bxe5 17. fxe5 Nf3+ 18. Kf2 f6 19. exf6 Rxf6 20. Ke3 e5 21. Bc4+ Kh8 22. Rd1 Rh6 23. Qxh6 gxh6 24. Kf2 Qh4+ 25. Ke3 Rd8 26. Rh1 exd4+ 27. cxd4 Rxd4 28. b3 Qg5+ 29. Ke2 Rd2+ 30. Kf1 Nxh2+ 31. Rxh2 Qf4+ 32. Ke1 Qe3+ 0-1


[Site "https://www.chess.com"]

[Event "Titled Tuesday Blitz October 31 Late 2023"]
[White "Sramek, Vojtech"]
[Black "Figorito, Nick"]
[WhiteFideId "358681"]
[BlackFideId "30923689"]
[WhiteElo "2301"]
[BlackElo "2441"]
[Result "0-1"]
[Round "9"]
[TimeControl "180+1"]
[Date "2023.10.31"]
[WhiteClock "0:00:00"]
[BlackClock "0:00:48"]
[Board "80"]

1. e4 e6 2. d4 d5 3. exd5 exd5 4. Nf3 Bd6 5. c4 Nf6 6. c5 Be7 7. Nc3 b6 8. cxb6 axb6 9. Bb5+ c6 10. Bd3 O-O 11. O-O Ba6 12. Re1 Bxd3 13. Qxd3 Nbd7 14. Ne5 Nxe5 15. dxe5 Nd7 16. e6 fxe6 17. Rxe6 Nc5 18. Qe2 Nxe6 19. Qxe6+ Kh8 20. Qxc6 Bc5 21. Nd1 Qf6 22. Qxf6 Rxf6 23. Be3 d4 24. Bd2 d3 25. Ne3 Bd4 26. Rc1 Bxb2 27. Rc7 h6 28. Rd7 Rxa2 29. Rxd3 Ra1+ 30. Nf1 Rd1 31. g3 Bc1 32. Kg2 Bxd2 33. Nxd2 Kh7 34. h4 b5 35. h5 b4 0-1


[Site "https://www.chess.com"]

[Event "Titled Tuesday Blitz October 31 Late 2023"]
[White "Bazzano, Sebastian"]
[Black "Abduzhaparov"]
[WhiteFideId "104566"]
[WhiteElo "2288"]
[BlackElo "2440"]
[Result "0-1"]
[Round "9"]
[TimeControl "180+1"]
[Date "2023.10.31"]
[WhiteClock "0:01:01"]
[BlackClock "0:02:21"]
[Board "81"]

1. d4 d6 2. e4 Nf6 3. Nc3 e5 4. Nf3 Nbd7 5. Bc4 Be7 6. h3 O-O 7. Be3 c6 8. O-O b5 9. Bd3 Bb7 10. a4 b4 11. Na2 a5 12. Nc1 d5 13. Nxe5 Nxe5 14. dxe5 Nxe4 15. Qg4 f5 16. exf6 Nxf6 17. Qe6+ Kh8 18. Nb3 Bd6 19. Nc5 Bc8 0-1


[Site "https://www.chess.com"]

[Event "Titled Tuesday Blitz October 31 Late 2023"]
[White "Slavin, Alexey"]
[Black "Zakarian, David"]
[WhiteFideId "24104388"]
[BlackFideId "13301276"]
[WhiteElo "2275"]
[BlackElo "2437"]
[Result "1/2-1/2"]
[Round "9"]
[TimeControl "180+1"]
[Date "2023.10.31"]
[WhiteClock "0:01:01"]
[BlackClock "0:01:28"]
[Board "82"]

1. e4 Nc6 2. Nc3 Nf6 3. g3 d5 4. exd5 Nxd5 5. Nxd5 Qxd5 6. Qf3 Qxf3 7. Nxf3 e5 8. Bb5 f6 9. Bxc6+ bxc6 10. h3 Bc5 11. d3 Rb8 12. b3 Be6 13. Be3 Bb6 14. Ke2 Kf7 15. a4 a5 16. Nd2 h5 17. Nc4 Bxc4 18. dxc4 Bxe3 19. Kxe3 c5 20. Rad1 Rhd8 21. Rd3 Rd4 22. Rhd1 Ke6 23. h4 c6 24. f3 Rbd8 25. c3 Rxd3+ 26. Rxd3 Rxd3+ 27. Kxd3 g5 28. Ke3 gxh4 29. gxh4 f5 30. Kd3 Kd6 31. Ke3 Ke6 32. Kd3 Kd6 33. Ke3 Ke6 1/2-1/2


[Site "https://www.chess.com"]

[Event "Titled Tuesday Blitz October 31 Late 2023"]
[White "Souleidis, Georgios"]
[Black "Vifleemskaia, Svetlana"]
[WhiteFideId "4206827"]
[BlackFideId "4129490"]
[WhiteElo "2575"]
[BlackElo "2298"]
[Result "1-0"]
[Round "9"]
[TimeControl "180+1"]
[Date "2023.10.31"]
[WhiteClock "0:00:07"]
[BlackClock "0:00:00"]
[Board "83"]

1. e4 e5 2. Nc3 Nf6 3. d4 exd4 4. Qxd4 Nc6 5. Qd3 Bb4 6. Bd2 O-O 7. O-O-O Qe7 8. Nge2 Ne5 9. Qg3 Nc4 10. Bg5 Bd6 11. Qh4 h6 12. Nd5 Qe5 13. Bxf6 gxf6 14. Qxf6 Qxf6 15. Nxf6+ Kg7 16. Nh5+ Kh8 17. Nc3 Nb6 18. f4 Be7 19. Bd3 d6 20. h3 Be6 21. g4 Bh4 22. Kb1 Bc4 23. Rhf1 Bxd3 24. cxd3 c6 25. b3 Rae8 26. Kc2 Nd7 27. Ne2 Nc5 28. Nc3 b5 29. b4 Nd7 30. Kb3 Nb6 31. Rf3 Be7 32. f5 f6 33. Nf4 Rg8 34. Ng6+ Kh7 35. h4 Rg7 36. h5 Bf8 37. Ne2 Rd7 38. Nef4 Bg7 39. Ne6 Rde7 40. Rff1 Rxe6 41. fxe6 Rxe6 42. Nh4 Re5 43. Nf5 Re6 44. Rfe1 Nd7 45. d4 Nb6 46. a3 Nc4 47. Re2 Bf8 48. Rde1 Kg8 49. Nh4 Kf7 50. Ng6 Bg7 51. Nh4 Kg8 52. Nf5 Kf7 53. a4 a6 54. axb5 axb5 55. Ra1 Kg8 56. Ra8+ Bf8 57. Ra7 Re8 58. Kc3 Re6 59. Kd3 d5 60. e5 fxe5 61. dxe5 Nxe5+ 62. Kc2 Re8 63. Nd4 1-0


[Site "https://www.chess.com"]

[Event "Titled Tuesday Blitz October 31 Late 2023"]
[White "Friedland, Moshe"]
[Black "Do Nascimento,Christian Almeida"]
[WhiteFideId "2812843"]
[BlackFideId "2143801"]
[WhiteElo "2384"]
[BlackElo "2569"]
[Result "1-0"]
[Round "9"]
[TimeControl "180+1"]
[Date "2023.10.31"]
[WhiteClock "0:00:10"]
[BlackClock "0:00:13"]
[Board "84"]

1. a3 e5 2. c4 Nf6 3. d3 Nc6 4. Nf3 a5 5. g3 d5 6. cxd5 Nxd5 7. Bg2 f6 8. O-O a4 9. d4 e4 10. Nfd2 f5 11. Nc3 Be6 12. e3 Be7 13. Qc2 Nxc3 14. bxc3 O-O 15. c4 Na5 16. Rb1 c6 17. f3 exf3 18. Bxf3 Kh8 19. Bb2 Bf6 20. Be2 Qd7 21. Bc3 Nb3 22. Nxb3 axb3 23. Qxb3 b5 24. d5 Bg8 25. Bxf6 Rxf6 26. dxc6 Qxc6 27. Bf3 Qa6 28. Qxb5 Qxb5 29. cxb5 Rxa3 30. b6 Rf8 31. b7 Bb3 32. Bd1 Rb8 33. Rxb3 Rxb3 34. Bxb3 Rxb7 35. Rxf5 g6 36. Bd5 Rd7 37. Re5 Kg7 38. e4 Kf6 39. Re6+ Kg5 40. Kg2 Rc7 41. Kh3 h5 42. Rc6 Ra7 43. e5 Ra5 44. Bf7 Rxe5 45. Rxg6+ Kf5 46. Rh6 Re1 47. Rxh5+ Kf6 48. Bd5 Rd1 49. Bg2 Rd4 50. Rh4 Rd2 51. Rf4+ Kg5 52. Rg4+ Kh5 53. Rh4+ Kg5 54. Rf4 Kh5 55. Bf3+ Kg5 56. Rg4+ Kh6 57. Rh4+ Kg5 58. Rh5+ Kg6 59. Ra5 Rd6 60. Kg4 Rd4+ 61. Kh3 Rb4 62. g4 Rb3 63. Kg3 Rb6 64. h4 Kh6 65. Kf4 Rb4+ 66. Be4 Kg7 67. Ra6 Rb8 68. g5 Kh8 69. Kg4 Kg7 70. Bf5 Kh8 71. Kh5 Kg7 72. g6 Kh8 73. Kg5 Kg7 74. h5 Rb2 75. Ra7+ Kf8 76. h6 Rb8 77. Kf6 Kg8 78. h7+ Kh8 79. g7# 1-0


[Site "https://www.chess.com"]

[Event "Titled Tuesday Blitz October 31 Late 2023"]
[White "Bogaudinov, Rushan"]
[Black "Tifferet, Shaked"]
[WhiteFideId "4129288"]
[BlackFideId "2811529"]
[WhiteElo "2362"]
[BlackElo "2550"]
[Result "0-1"]
[Round "9"]
[TimeControl "180+1"]
[Date "2023.10.31"]
[WhiteClock "0:00:38"]
[BlackClock "0:00:24"]
[Board "85"]

1. d4 g6 2. Nf3 f5 3. e4 fxe4 4. Ng5 Nf6 5. f3 d5 6. c4 e6 7. fxe4 Nxe4 8. Nxe4 dxe4 9. g3 Nc6 10. Be3 Bg7 11. Nc3 Nxd4 12. Bg2 O-O 13. Bxe4 c5 14. Qd2 Rb8 15. O-O-O a6 16. h4 b5 17. h5 b4 18. Nd5 exd5 19. Bxd5+ Be6 20. Bxd4 Bxd5 21. Bxg7 Bxh1 22. Bxf8 Qxd2+ 23. Rxd2 Rxf8 24. hxg6 hxg6 25. Rd6 Be4 26. Rxa6 Rf2 27. b3 Kf7 28. Ra5 Ke6 29. Rxc5 Rxa2 30. Rb5 Rg2 31. Rxb4 Ke5 32. c5 Rc2+ 33. Kd1 Rxc5 34. Ke2 Rc2+ 35. Ke3 Rc3+ 36. Kf2 Rf3+ 37. Ke2 Rxg3 38. Rb8 Kf4 39. b4 Rg2+ 40. Kf1 Ke3 41. Rc8 Rh2 42. Rc3+ Bd3+ 43. Kg1 Rb2 44. Rc5 Rxb4 45. Kg2 Rg4+ 46. Kh3 Bf5 47. Rc3+ Kd2 48. Rf3 Rf4+ 49. Kg3 Rxf3+ 50. Kxf3 Kd3 51. Kf4 Kd4 52. Kf3 Kd5 53. Kf4 Kd6 54. Kg5 Kc6 55. Kf6 Kb6 56. Ke5 Ka7 57. Kf4 Ka8 58. Ke5 Kb8 59. Kf4 Kc8 60. Ke5 Kd8 61. Kf6 Ke8 62. Kg5 Kf8 63. Kh6 Kg8 64. Kg5 Kh8 65. Kh6 Bb1 66. Kg5 Kg7 67. Kg4 Kf6 68. Kf4 g5+ 69. Kg4 Bc2 70. Kg3 Bf5 71. Kf3 Kg6 72. Kg3 Kh5 73. Kf3 Bg6 74. Kg3 Bh7 75. Kh2 Kh4 76. Kg2 g4 77. Kh2 g3+ 78. Kg2 Kg4 79. Kg1 Kf3 80. Kh1 g2+ 81. Kg1 Bd3 82. Kh2 Kf2 83. Kh3 g1=Q 84. Kh4 Bf5 85. Kh5 Qg4+ 86. Kh6 Qg6# 0-1


[Site "https://www.chess.com"]

[Event "Titled Tuesday Blitz October 31 Late 2023"]
[White "Martin Carmona, Gaston Manuel"]
[Black "Rose, Felix"]
[WhiteFideId "22284567"]
[BlackFideId "5105722"]
[WhiteElo "2545"]
[BlackElo "2347"]
[Result "1-0"]
[Round "9"]
[TimeControl "180+1"]
[Date "2023.10.31"]
[WhiteClock "0:01:13"]
[BlackClock "0:00:00"]
[Board "86"]

1. Nf3 d5 2. d4 Nf6 3. c4 e6 4. Nbd2 Be7 5. g3 O-O 6. Bg2 c5 7. cxd5 Nxd5 8. O-O cxd4 9. Nxd4 Nf6 10. Nc4 Qc7 11. b3 Rd8 12. Bf4 Qc5 13. Be3 e5 14. Ne6 Rxd1 15. Bxc5 Rxf1+ 16. Kxf1 Bxc5 17. Nxc5 Nc6 18. Bxc6 bxc6 19. Nxe5 Bh3+ 20. Ke1 Kf8 21. Rc1 Re8 22. Ncd3 Ng4 23. Nxg4 Bxg4 24. Rc2 Re6 25. Nf4 Rd6 26. f3 Bd7 27. Rd2 Rxd2 28. Kxd2 Ke7 29. Kc3 Kd6 30. Nd3 a5 31. Kd4 f6 32. e4 Bc8 33. Nc5 g6 34. f4 h6 35. e5+ fxe5+ 36. fxe5+ Ke7 37. a3 Bf5 38. Kc4 1-0


[Site "https://www.chess.com"]

[Event "Titled Tuesday Blitz October 31 Late 2023"]
[White "Senft, Sean"]
[Black "Golubev, Mikhail"]
[WhiteFideId "2044960"]
[BlackFideId "14100983"]
[WhiteElo "2344"]
[BlackElo "2521"]
[Result "0-1"]
[Round "9"]
[TimeControl "180+1"]
[Date "2023.10.31"]
[WhiteClock "0:00:23"]
[BlackClock "0:00:08"]
[Board "87"]

1. d4 Nf6 2. c4 g6 3. Nc3 Bg7 4. e4 d6 5. f4 O-O 6. Nf3 c5 7. d5 e6 8. Be2 exd5 9. exd5 Bf5 10. O-O Ne4 11. Nxe4 Bxe4 12. Bd3 Bxf3 13. Qxf3 Nd7 14. f5 Ne5 15. Qh3 Nxd3 16. Qxd3 Qf6 17. fxg6 Qd4+ 18. Qxd4 Bxd4+ 19. Kh1 hxg6 20. Bf4 Rad8 21. Rae1 Rd7 22. Re2 a6 23. Rfe1 b5 24. b3 bxc4 25. bxc4 Kg7 26. Rb1 f6 27. Rb6 Be5 28. g3 Ra8 29. Kg2 a5 30. a4 Raa7 31. Bxe5 fxe5 32. Reb2 Kf6 33. Kf3 Kf5 34. h3 e4+ 35. Ke3 Ke5 36. Rb8 Rf7 37. Re8+ Rae7 38. Rxe7+ Rxe7 39. Rb8 g5 40. h4 gxh4 41. gxh4 Rg7 42. Re8+ Kf5 43. Rxe4 Rg3+ 44. Kf2 Rc3 45. Re6 Rxc4 46. h5 Rxa4 47. Rxd6 Rh4 48. h6 Ke5 49. Ra6 Kxd5 50. Rxa5 Rxh6 51. Ke3 Kc4 52. Kd2 Rh2+ 53. Kc1 Kb4 54. Ra8 c4 55. Rg8 Kb3 56. Rb8+ Kc3 57. Kd1 Rh1+ 58. Ke2 Kc2 59. Rc8 c3 60. Rc7 Rh2+ 61. Ke1 Rh1+ 62. Ke2 Rg1 63. Kf2 Rg5 64. Ke2 Re5+ 65. Kf2 Kd3 66. Rd7+ Kc4 67. Rc7+ Rc5 68. Rxc5+ Kxc5 69. Ke2 Kd4 70. Ke1 Ke3 71. Kd1 Kd3 72. Ke1 c2 73. Kf2 c1=Q 0-1


[Site "https://www.chess.com"]

[Event "Titled Tuesday Blitz October 31 Late 2023"]
[White "Kujawski, Adam"]
[Black "HeroRubiksCube"]
[WhiteFideId "1100920"]
[WhiteElo "2336"]
[BlackElo "2491"]
[Result "0-1"]
[Round "9"]
[TimeControl "180+1"]
[Date "2023.10.31"]
[WhiteClock "0:00:25"]
[BlackClock "0:00:22"]
[Board "88"]

1. d4 Nf6 2. Bf4 d5 3. e3 c5 4. c3 Nc6 5. Nd2 Bf5 6. Qb3 Qc8 7. Ngf3 e6 8. Bb5 Be7 9. Ne5 O-O 10. Bxc6 bxc6 11. O-O Nh5 12. Qa4 Nxf4 13. exf4 Bd6 14. Nxc6 Qd7 15. dxc5 Bxc5 16. b4 Bd6 17. b5 a6 18. Nf3 axb5 19. Qxb5 Rfc8 20. Ncd4 Qxb5 21. Nxb5 Bxf4 22. a4 Bc2 23. g3 Bh6 24. Ra2 Bb3 25. Ra3 Bc4 26. Rfa1 g6 27. Nfd4 Bf8 28. a5 Bxa3 29. Rxa3 e5 30. Nd6 exd4 31. Nxc8 Rxc8 32. cxd4 Ra8 33. f4 Kf8 34. Kf2 Ke7 35. g4 Kd6 36. Kg3 Kc6 37. Kh4 Kb5 38. Kg5 Rxa5 39. Rxa5+ Kxa5 40. Kf6 Kb4 41. Kxf7 Kc3 42. Kg7 Kxd4 43. f5 gxf5 44. gxf5 Ke5 45. f6 d4 46. f7 Bxf7 47. Kxf7 d3 48. Kg7 d2 49. h4 d1=Q 50. Kxh7 Qh5+ 0-1


[Site "https://www.chess.com"]

[Event "Titled Tuesday Blitz October 31 Late 2023"]
[White "Shapiro, Daniel"]
[Black "Cervantes Landeiro, Thalia"]
[WhiteFideId "2001780"]
[BlackFideId "3520498"]
[WhiteElo "2326"]
[BlackElo "2473"]
[Result "1-0"]
[Round "9"]
[TimeControl "180+1"]
[Date "2023.10.31"]
[WhiteClock "0:00:06"]
[BlackClock "0:00:00"]
[Board "89"]

1. d4 Nf6 2. c4 g6 3. Nc3 d5 4. Nf3 Bg7 5. Qb3 dxc4 6. Qxc4 O-O 7. e4 Na6 8. Qa4 c5 9. d5 e6 10. Bxa6 bxa6 11. d6 Ng4 12. Qc6 Bd7 13. Qxc5 Rc8 14. Qa3 Bxc3+ 15. bxc3 Bb5 16. h3 Nf6 17. Bg5 e5 18. Rd1 h6 19. Bxh6 Nxe4 20. Bxf8 Qb6 21. Qb2 Rxf8 22. Nxe5 Re8 23. Rd5 Nxd6 24. Kd1 Ne4 25. Re1 Nxf2+ 26. Kc1 Rc8 27. Kb1 1-0


[Site "https://www.chess.com"]

[Event "Titled Tuesday Blitz October 31 Late 2023"]
[White "iJueles"]
[Black "Fominykh, Maria"]
[BlackFideId "4142411"]
[WhiteElo "2444"]
[BlackElo "2312"]
[Result "1-0"]
[Round "9"]
[TimeControl "180+1"]
[Date "2023.10.31"]
[WhiteClock "0:00:16"]
[BlackClock "0:00:00"]
[Board "90"]

1. d4 Nf6 2. Bg5 e6 3. Nf3 Be7 4. e3 b6 5. Bd3 Bb7 6. Nbd2 c5 7. c3 h6 8. Bf4 d6 9. O-O Nbd7 10. Bg3 Nh5 11. a4 Nxg3 12. hxg3 O-O 13. a5 e5 14. Bb5 cxd4 15. exd4 e4 16. Ne1 bxa5 17. Qa4 Nb6 18. Qxa5 Bg5 19. Nb3 e3 20. f4 Bf6 21. Nf3 Bd5 22. Nc1 Qc8 23. Be2 Re8 24. Nd3 Qg4 25. Kh2 Qh5+ 26. Kg1 Qg4 27. Kh2 Qh5+ 28. Kg1 Qg6 29. Nb4 Be4 30. Kh2 d5 31. Ne5 Qf5 32. Bg4 Qh7 33. Bh3 Bf5 34. Rfe1 Bxh3 35. gxh3 Bxe5 36. dxe5 1-0


[Site "https://www.chess.com"]

[Event "Titled Tuesday Blitz October 31 Late 2023"]
[White "Devagharan, Devina"]
[Black "PapaieDudu"]
[WhiteFideId "2061600"]
[WhiteElo "2426"]
[BlackElo "2312"]
[Result "1-0"]
[Round "9"]
[TimeControl "180+1"]
[Date "2023.10.31"]
[WhiteClock "0:00:11"]
[BlackClock "0:00:38"]
[Board "91"]

1. d4 d5 2. c4 e6 3. Nc3 Nf6 4. cxd5 exd5 5. Bg5 Qd7 6. Bxf6 gxf6 7. e3 Rg8 8. Nf3 Nc6 9. Qb3 Na5 10. Qxd5 Bd6 11. Qe4+ Kf8 12. Qxh7 c5 13. d5 f5 14. Qh6+ Ke8 15. Qh7 Kf8 16. g3 c4 17. Be2 b5 18. a3 Nb3 19. Rd1 a5 20. Qh6+ Ke7 21. Nd4 Rg6 22. Qh7 Bb7 23. Bf3 b4 24. Ncb5 Be5 25. Qh4+ Bf6 26. Qf4 Rg5 27. h4 Rgg8 28. Nxf5+ Kd8 29. Nbd6 Bxb2 30. axb4 Bc3+ 31. Kf1 axb4 32. Nxb7+ Qxb7 33. Qd6+ Qd7 34. Qb6+ Kc8 35. Nd6+ Qxd6 36. Qxd6 Ra7 37. Qc6+ Rc7 38. Qa6+ Kd7 39. d6 Rcc8 40. Be4 Nd2+ 41. Rxd2 Bxd2 42. Bf5+ Kd8 43. Qxc8# 1-0


[Site "https://www.chess.com"]

[Event "Titled Tuesday Blitz October 31 Late 2023"]
[White "szachmistrz2500"]
[Black "Broca Jimenez, Fernando"]
[BlackFideId "5104742"]
[WhiteElo "2420"]
[BlackElo "2256"]
[Result "1-0"]
[Round "9"]
[TimeControl "180+1"]
[Date "2023.10.31"]
[WhiteClock "0:01:24"]
[BlackClock "0:00:28"]
[Board "92"]

1. Nf3 g6 2. g3 Bg7 3. Bg2 c5 4. O-O Nf6 5. Re1 d5 6. d3 O-O 7. Nbd2 Nc6 8. e4 dxe4 9. dxe4 h6 10. c3 Be6 11. Qe2 Qc7 12. Nc4 Nd7 13. Bf4 Nde5 14. Ncxe5 Nxe5 15. Nxe5 Bxe5 16. Bxh6 Rfd8 17. f4 Bh8 18. f5 gxf5 19. exf5 Bxf5 20. Qxe7 Qxe7 21. Rxe7 Be6 22. Rxb7 Rab8 23. Bf4 Rxb7 24. Bxb7 Rd7 25. Bf3 a5 26. a3 Bb3 27. Re1 Bf6 28. Re8+ Kg7 29. Rc8 c4 30. Kf2 Be7 31. h4 Bc5+ 32. Rxc5 1-0


[Site "https://www.chess.com"]

[Event "Titled Tuesday Blitz October 31 Late 2023"]
[White "Gabdushev, Ruslan"]
[Black "Modric, Nesa"]
[WhiteFideId "4137833"]
[BlackFideId "922579"]
[WhiteElo "2415"]
[BlackElo "2245"]
[Result "1-0"]
[Round "9"]
[TimeControl "180+1"]
[Date "2023.10.31"]
[WhiteClock "0:00:43"]
[BlackClock "0:00:00"]
[Board "93"]

1. c4 e6 2. b3 d5 3. e3 Nf6 4. Bb2 Be7 5. Nf3 O-O 6. Qc2 c5 7. cxd5 exd5 8. d3 Nc6 9. a3 b6 10. Be2 Bb7 11. Nbd2 Rc8 12. Nf1 d4 13. e4 Nd7 14. Ng3 Nde5 15. Nxe5 Nxe5 16. f4 Ng6 17. O-O Qc7 18. Nh5 f5 19. Qc4+ Kh8 20. exf5 Rxf5 21. Bg4 Qc6 22. Qc2 Rcf8 23. Bxf5 Rxf5 24. Qe2 Rxh5 25. f5 Nh4 26. Rf2 Nxf5 27. Qxh5 g6 28. Qe2 Ne3 29. Qxe3 Bd6 30. Qf3 1-0


[Site "https://www.chess.com"]